 Dungeon Crawl Stone Soup version 0.23.2-1-ga50397a6bc (webtiles) character file.

Game seed: 18106126283014896720

216 Cykl0x the Shield-Bearer (level 6, -2/48 HPs)
             Began as a Formicid Fighter on Apr 23, 2019.
             Slain by a gnoll
             ... wielding a +1 spear of distortion
              (16 damage)
             ... on level 2 of the Dungeon.
             The game lasted 00:04:05 (1898 turns).

Cykl0x the Shield-Bearer (Formicid Fighter)         Turns: 1898, Time: 00:04:05

Health: -2/48      AC:  8    Str: 27    XL:     6   Next: 16%
Magic:  6/6        EV:  9    Int:  8    God:
Gold:   93         SH: 10    Dex: 10    Spells: 5/5 levels left

rFire    . . .     SeeInvis +   a - +1 war axe
rCold    . . .     Gourm    .   c - +0 shield
rNeg     . . .     Faith    .   b - +0 scale mail
rPois    .         Spirit   .   (helmet unavailable)
rElec    .         Reflect  .   (no cloak)
rCorr    .         Harm     .   (no gloves)
MR       .....                  n - +0 pair of boots
Stlth    ..........             (no amulet)
HPRegen  0.16/turn              (no ring)
MPRegen  0.10/turn              (no ring)

@: mighty
A: permanent stasis, dig shafts and tunnels, four strong arms, antennae 3
a: Dig, Shaft Self


You were on level 2 of the Dungeon.
You were very hungry.

You visited 1 branch of the dungeon, and saw 2 of its levels.

You collected 93 gold pieces.

Inventory:

Hand Weapons
 a - a +1 war axe (weapon)
Missiles
 m - 4 stones (quivered)
Armour
 b - a +0 scale mail (worn)
 c - a +0 shield (worn)
 n - a +0 pair of boots (worn)
Jewellery
 i - an uncursed ring of protection from fire {unknown}
 k - an uncursed ring of magical power
Potions
 e - a potion of flight
 g - 2 potions of brilliance
 j - a potion of haste {unknown}
 o - a potion of degeneration {unknown}
Comestibles
 f - 4 rations


   Skills:
 + Level 3.9 Fighting
 + Level 3.7 Axes
 + Level 4.0 Armour
 + Level 1.5 Dodging
 + Level 5.0 Shields


You had 5 spell levels left.
You didn't know any spells.
Your spell library was empty.

Dungeon Overview and Level Annotations

Branches:
Dungeon (2/15)

Altars:
Kikubaaqudgha


Innate Abilities, Weirdness & Mutations

You cannot be hasted, slowed, berserked, paralysed or teleported.
You can dig through walls and to a lower floor.
Your four strong arms can wield two-handed weapons with a shield.
You have a pair of large antennae on your head. (SInv)


Message History

The gnoll hits you from afar with a +0 spear.
You barely miss the bat. The bat closely misses you.
You block the bat's attack. The gnoll hits you but does no damage.
The gnoll hits you from afar with a +0 spear!
The bat completely misses you. You block the bat's attack.
The gnoll hits you but does no damage. The gnoll hits you with a +0 spear.
You slash the gnoll!
You kill the gnoll!
You hit the bat. You block the bat's attack. You block the gnoll's attack.
The gnoll hits you from afar with a +1 spear of distortion.
Space bends around you.
Your scale mail prevents you from hitting the bat.
The bat is heavily wounded.
You block the bat's attack.
The gnoll hits you from afar with a +1 spear of distortion.
Space bends around you.
* * * LOW HITPOINT WARNING * * *
You block the bat's attack. The gnoll hits you but does no damage.
Space warps horribly around you!
You die...

#######.# #.......#
##.###### #####
#.<..@# #...#
#####.####...########
#bgg.gg..g......#
######...######.##
#...# #... #####
######. #.....{
#...... .......g


You could see a gnoll and a bat.

Vanquished Creatures
  A bullfrog (D:2)
  2 vampire bats (D:2)
  2 gnolls (D:2)
  An ooze (D:2)
  A worm (D:2)
  3 dart slugs
  3 bat skeletons (D:2)
  3 bat zombies (D:2)
  A giant cockroach (D:1)
  2 goblins
  4 hobgoblins
  3 jackals (D:1)
  A ball python (D:2)
  5 bats
  3 frilled lizards
  3 kobolds
  2 rats
40 creatures vanquished.

Notes
Turn   | Place    | Note
-------+----------+-------------------------------------------
     0 | D:1      | Cykl0x the Formicid Fighter began the quest for the Orb.
     0 | D:1      | Reached XP level 1. HP: 18/18 MP: 1/1
     1 | D:1      | Noticed an electric eel
   131 | D:1      | Reached XP level 2. HP: 15/24 MP: 2/2
   582 | D:1      | Reached XP level 3. HP: 29/29 MP: 3/3
  1023 | D:2      | Noticed a bullfrog
  1033 | D:2      | Killed a bullfrog
  1033 | D:2      | Reached skill level 4 in Shields
  1033 | D:2      | Reached XP level 4. HP: 16/37 MP: 4/4
  1375 | D:2      | Reached XP level 5. HP: 40/42 MP: 5/5
  1520 | D:2      | Found an ancient bone altar of Kikubaaqudgha.
  1524 | D:2      | Reached skill level 1 in Dodging
  1529 | D:2      | Reached XP level 6. HP: 48/48 MP: 6/6
  1651 | D:2      | Reached skill level 5 in Shields
  1652 | D:2      | HP: 1/48 [gnoll/+1 spear of distortion (14)]
  1898 | D:2      | Slain by a gnoll

Skill      XL: |  1  2  3  4  5  6 |
---------------+-------------------+-----
Axes           | 3 |  3.7
Shields        | 4 5 |  5.0
Armour         | 4 |  4.0
Dodging        | 1 |  1.5
Fighting       | |  3.9

Action                   |  1- 3 |  4- 6 || total
-------------------------+-------+-------++-------
Melee: War axe           |    72 |    53 ||   125
Throw: Stone             |       |     1 ||     1
  Use: Scroll            |     6 |     2 ||     8
       Potion            |       |     2 ||     2
  Eat: Chunk             |       |     2 ||     2
Armor: Scale mail        |    34 |    59 ||    93
Dodge: Dodged            |    25 |    40 ||    65
Block: Shield            |    57 |    69 ||   126
